 Dungeon Crawl Stone Soup version 0.17-a0-491-gbd49765 (webtiles) character file.

2814 inmateoo the Frost Mage (level 9, -2/39 HPs)
             Began as a Vine Stalker Ice Elementalist on Apr 10, 2015.
             Was a Follower of Vehumet.
             Slain by an ogre
             ... wielding a cursed +0 giant club
              (19 damage)
             ... on level 7 of the Dungeon.
             The game lasted 00:18:55 (7086 turns).

inmateoo the Frost Mage (VSIE)                      Turns: 7086, Time: 00:18:55

Health: -2/39      AC: 11    Str: 11    XL:     9   Next: 72%
Magic:  0/16       EV: 14    Int: 18    God:    Vehumet [*.....]
Gold:   239        SH:  5    Dex: 15    Spells: 5 memorised, 5 levels left

rFire  + . .     SeeInvis .       - Unarmed
rCold  + . .     Clarity  .     a - +0 robe
rNeg   + . .     SustAb   .     l - +0 buckler {AC+3}
rPois  .         Gourm    .     h - +1 hat
rElec  .         Spirit   +     g - +1 cloak
rCorr  .         Warding  +     A - +0 pair of gloves
rMut   .         Stasis   .     e - +0 pair of boots
MR     +....                    i - amulet of warding
Stlth  +++.......               d - ring of wizardry
                                b - ring of protection from cold

@: very slightly contaminated, somewhat resistant to hostile enchantments,
fairly stealthy
A: fangs 3, fire resistance 1, low mp 1, regeneration 2, shaggy fur 1, magic
shield, antimagic bite, no device heal 3, rot immunity
a: Renounce Religion


You were on level 7 of the Dungeon.
You worshipped Vehumet.
Vehumet was aware of your devotion.
You were hungry.

You visited 2 branches of the dungeon, and saw 9 of its levels.
You also visited: Ossuary.

You collected 461 gold pieces.
You spent 222 gold pieces at shops.

Inventory:

Armour
 a - a +0 robe (worn)
 e - a +0 pair of boots (worn)
 g - a +1 cloak (worn)
 h - a +1 hat (worn)
 l - a +0 buckler of protection (worn)
 A - a +0 pair of gloves (worn)
Jewellery
 b - a ring of protection from cold (left hand)
 d - a ring of wizardry (right hand)
 i - an amulet of warding (around neck)
 j - a cursed ring of teleportation
 n - an uncursed ring of ice
Magical devices
 f - a wand of polymorph (5)
 z - a wand of teleportation (3)
 D - a wand of disintegration (14)
Scrolls
 k - 3 scrolls of teleportation
 m - 5 scrolls of fear
 p - 2 scrolls of blinking
 q - 7 scrolls of remove curse
 t - a scroll of identify
 y - a scroll of fog
Potions
 r - 3 potions of curing
 s - a potion of agility
 v - a potion of might
 w - a potion of restore abilities
 x - a potion of cure mutation
 B - a potion of berserk rage
 C - a potion of brilliance
Comestibles
 c - 6 bread rations


   Skills:
 + Level 4.3 Dodging
 - Level 5.0 Stealth
 + Level 3.5 Shields
 + Level 4.6 Unarmed Combat
 + Level 5.5 Spellcasting
 + Level 2.9 Conjurations
 * Level 8.3 Ice Magic


You had 5 spell levels left.
You knew the following spells:

 Your Spells              Type           Power        Failure   Level  Hunger
a - Freeze                Ice            ####         1%          1    None
b - Throw Frost           Conj/Ice       ####..       1%          2    None
c - Ozocubu's Armour      Chrm/Ice       ###.....     4%          3    ##.....
d - Summon Ice Beast      Ice/Summ       ###.....     10%         4    ####...
e - Throw Icicle          Conj/Ice       ####....     6%          4    ####...


Dungeon Overview and Level Annotations

Branches:
Dungeon (8/15)             Temple (1/1) D:5
   Lair: D:8-11

Altars:
Ashenzari
Cheibriados
Dithmenos
Elyvilon
Fedhas
Gozag
Kikubaaqudgha
Makhleb
Nemelex Xobeh
Okawaru
Qazlal
Ru
Sif Muna
Trog
Vehumet
Xom
Yredelemnul
Zin
The Shining One

Shops:
D:5 [   D:6 *

Annotations:
D:8 Grum


Innate Abilities, Weirdness & Mutations

You have razor-sharp teeth.
You heal very quickly.
You are covered in fur (AC +1).
When hurt, damage is shared between your health and your magic reserves.
Your bite disrupts and absorbs the magic of your enemies.
Potions and wands cannot restore your health.
You are immune to rotting.
Your flesh is heat resistant.
Your magical capacity is low (-10% MP).


Message History

Aim: an ogre, wielding a giant club You freeze the ogre.
The ogre is moderately wounded.
The ogre barely misses you.
Casting: Freeze
Confirm with . or Enter, or press ? or * to list all spells.
Aiming: Freeze
Press: ? - help, Shift-Dir - straight line, f/p - ogre
Aim: an ogre, wielding a giant club (moderately wounded)
You freeze the ogre.
The ogre is moderately wounded.
Casting: Freeze
Confirm with . or Enter, or press ? or * to list all spells.
Aiming: Freeze
Press: ? - help, Shift-Dir - straight line, f/p - ogre
Aim: an ogre, wielding a giant club (moderately wounded)
You freeze the ogre.
The ogre is heavily wounded.
The ogre hits you with a giant club!!
You die...

.................................
.................................
.........#..............##.......
.........#............>.##..[....
.........#..............##.......
##.......#...###.#########.......
#.......#...# #.# #.....†.
#.....!.#...# #O# #.......
###....=#...# #@# #.(.....
#####.#...# #.# #....... #.#####
#.# #....... ###.# #.# ########
#...# #.# #.#########.#
#...........# #############


You could see an ogre.

Vanquished Creatures
  Pikel (D:7)
  Sigmund (D:5)
  A wolf (D:7)
  Menkaure (Ossuary)
  An orc warrior (D:6)
  3 sky beasts
  A black bear (D:6)
  An ice beast (D:6)
  A centaur (D:5)
  2 ogres
  A scorpion (D:6)
  5 killer bees
  A giant frog zombie (D:6)
  A goliath beetle (D:6)
  4 centaur zombies
  4 hounds
  3 crimson imps (D:6)
  An orc priest (D:6)
  A jelly (D:5)
  A human zombie (Ossuary)
  4 worker ants
  2 ogre zombies (Ossuary)
  A mummy (Ossuary)
  7 adders
  3 worms
  5 adder zombies (Ossuary)
  4 giant geckos
  10 orcs
  10 bats
  2 bat skeletons
  A bat zombie (D:6)
  A gnoll zombie (Ossuary)
  16 hobgoblins
  17 jackals
  10 kobolds
  7 quokkas
  2 ball pythons
  2 giant cockroaches
  A giant gecko skeleton (D:6)
  4 giant newts
  12 goblins
  6 goblin zombies
  4 hobgoblin zombies (Ossuary)
  A kobold zombie (Ossuary)
  An orc zombie (Ossuary)
  3 quokka zombies (Ossuary)
  12 rats
  5 rat zombies
188 creatures vanquished.

Vanquished Creatures (collateral kills)
  5 mummies (Ossuary)
  An orc (D:6)
6 creatures vanquished.

Vanquished Creatures (others)
  A slave (D:7)
  3 ice beasts
4 creatures vanquished.

Grand Total: 198 creatures vanquished

Notes
Turn   | Place    | Note
--------------------------------------------------------------
     0 | D:1      | inmateoo, the Vine Stalker Ice Elementalist, began the quest for the Orb.
     0 | D:1      | Reached XP level 1. HP: 9/9 MP: 4/4
   156 | D:1      | Reached XP level 2. HP: 13/13 MP: 0/6
   551 | D:1      | Reached XP level 3. HP: 16/16 MP: 5/7
   555 | D:1      | Learned a level 2 spell: Throw Frost
   559 | D:1      | Learned a level 3 spell: Ozocubu's Armour
  1177 | D:2      | Found an iron altar of Okawaru.
  1218 | D:2      | Gained mutation: Your flesh is heat resistant. [potion of beneficial mutation]
  1493 | D:2      | Reached skill level 4 in Ice Magic
  1493 | D:2      | Reached XP level 4. HP: 21/21 MP: 5/8
  1706 | D:3      | Reached skill level 1 in Unarmed Combat
  1740 | D:3      | Found a burning altar of Makhleb.
  1858 | D:3      | Reached XP level 5. HP: 24/24 MP: 8/10
  2997 | D:4      | Found a sand-covered staircase.
  3025 | D:4      | Learned a level 4 spell: Summon Ice Beast
  3028 | Ossuary  | Entered an ossuary
  3144 | Ossuary  | Gained mutation: You heal very quickly. [Vine Stalker growth]
  3144 | Ossuary  | Reached XP level 6. HP: 17/28 MP: 11/11
  3200 | Ossuary  | Reached skill level 5 in Ice Magic
  3564 | Ossuary  | Noticed Menkaure
  3686 | Ossuary  | Reached XP level 7. HP: 19/32 MP: 8/13
  3689 | Ossuary  | Killed Menkaure
  3748 | D:4      | Identified a scroll of acquirement
  4434 | D:5      | Entered Level 5 of the Dungeon
  4496 | D:5      | Noticed Sigmund
  4503 | D:5      | Killed Sigmund
  4503 | D:5      | Reached skill level 1 in Shields
  4503 | D:5      | Reached skill level 6 in Ice Magic
  4562 | D:5      | Reached skill level 5 in Stealth
  4607 | D:5      | Found a staircase to the Ecumenical Temple.
  4634 | Temple   | Entered the Ecumenical Temple
  4676 | Temple   | Became a worshipper of Vehumet
  4727 | D:5      | Gained mutation: You have razor-sharp teeth. [Vine Stalker growth]
  4727 | D:5      | Reached XP level 8. HP: 23/36 MP: 2/15
  4812 | D:5      | Found an ancient bone altar of Kikubaaqudgha.
  4812 | D:5      | Found Kinleih's Armour Shop.
  4824 | D:5      | Bought a +0 pair of boots for 49 gold pieces
  4824 | D:5      | Bought a +0 pair of gloves for 49 gold pieces
  5273 | D:5      | Gained mutation: Your magical capacity is low (-10% MP). [mutagenic meat]
  5754 | D:6      | Reached skill level 7 in Ice Magic
  5842 | D:6      | Acquired Vehumet's first power
  5842 | D:6      | Offered knowledge of Magic Dart by Vehumet.
  5848 | D:6      | Learned a level 4 spell: Throw Icicle
  5862 | D:6      | Found Apromp's Assorted Antiques.
  5877 | D:6      | Bought a scroll of identify for 62 gold pieces
  5877 | D:6      | Bought a scroll of identify for 62 gold pieces
  5958 | D:6      | Reached XP level 9. HP: 35/39 MP: 13/15
  6114 | D:6      | Reached skill level 5 in Spellcasting
  6233 | D:7      | Noticed Pikel
  6485 | D:7      | Killed Pikel
  6768 | D:7      | Reached skill level 8 in Ice Magic
  7041 | D:8      | Noticed Grum
  7086 | D:7      | Slain by an ogre

Action                   |  1- 3 |  4- 6 |  7- 9 || total
-------------------------+-------+-------+-------++-------
Melee: Unarmed           |    45 |   249 |   148 ||   442
 Cast: Freeze            |    50 |    76 |   125 ||   251
       Ozocubu's Armour  |       |     2 |       ||     2
       Summon Ice Beast  |       |     6 |     4 ||    10
       Throw Frost       |       |     1 |     1 ||     2
       Throw Icicle      |       |       |     2 ||     2
  Use: Scroll            |     7 |     2 |    17 ||    26
       Potion            |     1 |       |       ||     1
 Stab: Sleeping          |       |    10 |     7 ||    17
       Distracted        |       |     1 |       ||     1
  Eat: Chunk             |     2 |     5 |     5 ||    12
       Royal jelly       |       |     1 |       ||     1
       Pizza             |       |     1 |       ||     1
       Bread ration      |       |       |     2 ||     2
